 Dungeon Crawl Stone Soup version 0.20-a0-1016-g241539b (webtiles) character file.

24715 ri73 the Tortoise (level 12, -7/88 HPs)
             Began as a Minotaur Gladiator on Apr 14, 2017.
             Was an Initiate of Gozag.
             Mangled by a vault guard
             ... wielding a +2 long sword of electrocution
              (13 damage)
             ... on level 12 of the Dungeon on Apr 15, 2017.
             The game lasted 04:25:03 (19250 turns).

ri73 the Tortoise (Minotaur Gladiator)             Turns: 19250, Time: 04:25:06

Health: -7/88      AC: 20    Str: 21    XL:     12   Next: 83%
Magic:  11/11      EV: 12    Int:  5    God:    Gozag
Gold:   2876       SH:  4    Dex: 18    Spells: 11/11 levels left

rFire    . . .     SeeInvis .   a - +1 quarterstaff
rCold    . . .     Gourm    .   (shield currently unavailable)
rNeg     . . .     Faith    .   t - +2 plate armour
rPois    .         Spirit   .   c - +0 hat
rElec    .         Reflect  +   A - scarf {repulsion}
rCorr    .         Harm     .   (no gloves)
MR       +....                  (no boots)
Stlth    ..........             n - +4 amulet of reflection
Regen    0.3/turn               I - ring of protection from magic
MPRegen  0.2/turn               P - +3 ring of dexterity

@: about to teleport, repel missiles
A: retaliatory headbutt, horns 2
a: Potion Petition, Call Merchant, Bribe Branch, Renounce Religion


You were on level 12 of the Dungeon.
You worshipped Gozag.
Gozag was most pleased with you.
You were not hungry.

You visited 3 branches of the dungeon, and saw 15 of its levels.

You collected 3501 gold pieces.
You spent 590 gold pieces at shops.
You paid 35 gold pieces to Gozag.

Inventory:

Hand Weapons
 a - a +1 quarterstaff (weapon)
 y - a +2 antimagic spear
 B - a +0 hunting sling of freezing
Missiles
 g - 380 stones (quivered)
 j - 245 arrows
 u - a throwing net
 E - 75 sling bullets
Armour
 b - a +0 leather armour
 c - a +0 hat (worn)
 t - a +2 plate armour (worn)
 A - a scarf of repulsion (worn)
 G - a +0 plate armour
 H - a +0 scale mail of positive energy
 W - a +2 buckler
Jewellery
 m - an uncursed ring of protection from cold
 n - a +4 amulet of reflection (around neck)
 x - an uncursed amulet of harm
 D - the amulet of the Forgotten Songs {Reflect SH+3 SInv}
   (You bought it in a shop on level 6 of the Dungeon)

   [amulet of reflection]

   It shields you and reflects attacks.
   It lets you see invisible.
   It affects your SH (+3).
 I - a ring of protection from magic (left hand)
 K - an uncursed ring of stealth
 P - a +3 ring of dexterity (right hand)
 R - an uncursed ring of magical power
 V - a +4 ring of strength
Wands
 i - a wand of polymorph (4/24)
 l - a wand of confusion (19/48)
 z - a wand of iceblast (9/15)
 U - a wand of flame (28/48)
Scrolls
 e - 5 scrolls of identify
 k - a scroll of immolation
 s - 5 scrolls of remove curse
 F - 9 scrolls of teleportation
 J - 2 scrolls of amnesia
 N - a scroll of recharging
 Y - a scroll of blinking
Potions
 h - a potion of mutation
 o - 6 potions of lignification
 q - a potion of haste
 r - 2 potions of brilliance
 w - a potion of resistance
 C - a potion of invisibility
 Q - 3 potions of flight
 X - a potion of degeneration
Books
 d - a book of Flames

   Spells                             Type                      Level
   a - Flame Tongue                   Conjuration/Fire             1
   b - Throw Flame                    Conjuration/Fire             2
   c - Conjure Flame                  Conjuration/Fire             3
   d - Inner Flame                    Hexes/Fire                   3
   e - Sticky Flame                   Conjuration/Fire             4
   f - Fireball                       Conjuration/Fire             5
Comestibles
 f - 6 bread rations
 p - 7 fruits
 v - 3 meat rations
 T - 9 royal jellies


   Skills:
 - Level 2.4 Fighting
 - Level 0.2(9.3) Polearms
 - Level 14.0 Staves
 - Level 4.3(4.6) Slings
 - Level 2.0(3.2) Throwing
 * Level 17.9 Armour
 * Level 8.6 Dodging
 - Level 1.3 Stealth
 - Level 2.1 Shields


You had 11 spell levels left.
You didn't know any spells.

Dungeon Overview and Level Annotations

Branches:
Dungeon (13/15)            Temple (1/1) D:6            Lair (0/6) D:11
    Orc (1/2) D:12
 Vaults: D:13-14

Altars:
Ashenzari
Cheibriados
Dithmenos
Elyvilon
Fedhas
Gozag
Hepliaklqana
Kikubaaqudgha
Makhleb
Nemelex Xobeh
Okawaru
Qazlal
Ru
Sif Muna
Trog
Uskayaw
Vehumet
Wu Jian
Xom
Yredelemnul
Zin
The Shining One

Shops:
D:6 =   D:7 %   D:8 %

Annotations:
D:11 exclusion: oklob plant
D:13 exclusion: molten gargoyle


Innate Abilities, Weirdness & Mutations

You reflexively headbutt those who attack you in melee.
You have a pair of horns on your head.


Message History

* * * LOW HITPOINT WARNING * * *
You see here a rapier.
The bullfrog is distracted by the nearby gold.
There is a stone staircase leading up here.
You climb upwards.
There is a stone staircase leading down here.
You hit the vault guard. You headbutt the vault guard.
The vault guard is lightly wounded.
The vault guard hits you but does no damage.
You are electrocuted!
* * * LOW HITPOINT WARNING * * *
Okay, then.
Okay, then.
As you read the scroll of teleportation, it crumbles to dust.
You feel strangely unstable.
The vault guard hits you with a long sword of electrocution.
* * * LOW HITPOINT WARNING * * *
You are electrocuted!
You die...
Your body crumbles into a pile of gold.

#.#####.#.........##.#.###.# #.#
#.#.........##.#...#.# #.#
#.#####.....##.###.#.# ####.##
#.# #.....##.# #.#.# ......# #.#
#.....##.# #.#.### ......#
#.#######.####.# #.#.... ......#
#.#....##.####.# #.#####
####.#####.#....##.#....# #.....#
......)........p@#.#[##########.#
.###.###.#.#....##.#.# #.........
.###.###.#.#....##.#.# #(######.#
..##.#..[..#....##.#.###........#
#.##.#.#.###..............####..#
#.##.#.#..##.##.##.#.####.#.....#
.....#....##.##.#..#.# #.#.##.##
.#.###..........#.##.# #.#.##.##
.#.......###.####.##.####.#.##...


You could see a vault guard.

Vanquished Creatures
  2 vault guards (D:13)
  A hydra (D:11)
  A centaur warrior (D:12)
  3 two-headed ogres
  An orc high priest (Orc:1)
  Nergalle (D:11)
  An unseen horror (D:10)
  Pikel (D:4)
  An orc knight (Orc:1)
  An ugly thing (D:12)
  A deep elf mage (D:13)
  A cyclops (D:11)
  2 manticores
  A guardian serpent (shapeshifter) (D:13)
  A centaur skeleton (D:9)
  A gargoyle (D:10)
  3 trolls
  Grinder (D:4)
  3 hippogriffs
  Prince Ribbit (D:8)
  Sigmund (D:5)
  3 wyverns
  22 yaks
  2 hungry ghosts
  Grum (D:10)
  A steam dragon (D:11)
  A basilisk (D:11)
  2 soldier ants (D:12)
  An acid dragon (D:11)
  A water moccasin (D:5)
  5 ice beasts
  4 sky beasts
  4 orc warriors
  An eye of draining (D:4)
  19 ogres
  4 phantoms
  2 wolves (D:10)
  5 centaurs
  2 crocodiles (D:12)
  A big kobold (D:9)
  Blork the orc (D:4)
  A gnoll sergeant (D:5)
  5 bullfrogs
  A water moccasin zombie (D:5)
  2 scorpions
  A wyvern skeleton (D:9)
  2 troll zombies (D:12)
  A water moccasin skeleton (D:4)
  3 killer bees (D:10)
  5 howler monkeys
  10 wights
  4 crimson imps
  2 quasits
  5 hounds
  9 jellies
  3 centaur zombies
  2 gnoll shamans
  7 orc priests
  An iron imp (D:9)
  6 orc wizards
  Jessica (D:2)
  3 bullfrog skeletons
  10 worker ants
  4 iguanas
  6 ogre zombies (D:12)
  A hound zombie (D:7)
  A worker ant zombie (D:11)
  11 gnolls
  10 adders
  3 shadow imps
  7 oozes
  An adder skeleton (D:5)
  10 leopard geckos
  35 orcs
  5 giant cockroaches
  6 goblins
  4 hobgoblins
  4 jackals
  6 kobolds
  10 quokkas
  A ball python (D:3)
  10 bats
  5 frilled lizards
  A goblin skeleton (D:12)
  3 goblin zombies (D:12)
  7 hobgoblin zombies (D:12)
  2 leopard gecko skeletons
  4 orc skeletons (D:12)
  10 orc zombies (D:12)
  A quokka zombie (D:8)
  7 rats
  A spectral orc (D:5)
371 creatures vanquished.

Vanquished Creatures (others)
  An eye of draining (D:4)
  An ogre (D:4)
  A centaur (D:10)
  2 orcs (D:4)
  2 frilled lizards
  7 plants (D:11)
14 creatures vanquished.

Grand Total: 385 creatures vanquished

Notes
Turn   | Place    | Note
-------+----------+-------------------------------------------
     0 | D:1      | ri73 the Minotaur Gladiator began the quest for the Orb.
     0 | D:1      | Reached XP level 1. HP: 18/18 MP: 0/0
   302 | D:1      | Reached XP level 2. HP: 25/25 MP: 1/1
  1040 | D:2      | Reached XP level 3. HP: 23/30 MP: 2/2
  1071 | D:2      | Noticed Jessica
  1078 | D:2      | Killed Jessica
  1078 | D:2      | Reached skill level 5 in Staves
  1209 | D:2      | Reached XP level 4. HP: 37/37 MP: 3/3
  1730 | D:3      | Reached skill level 1 in Armour
  3157 | D:4      | Reached XP level 5. HP: 41/42 MP: 4/4
  3260 | D:4      | Found a shadowy altar of Dithmenos.
  3260 | D:4      | Found an ancient bone altar of Kikubaaqudgha.
  3287 | D:4      | Noticed a slave
  3289 | D:4      | Noticed an ogre
  3290 | D:4      | Noticed Pikel
  3290 | D:4      | Noticed a slave
  3291 | D:4      | Noticed a slave
  3291 | D:4      | Noticed a slave
  3311 | D:4      | HP: 2/42 [slave[Pikel] (5)]
  3313 | D:4      | Killed Pikel
  3313 | D:4      | Reached skill level 3 in Armour
  3313 | D:4      | Reached skill level 1 in Stealth
  3313 | D:4      | Reached XP level 6. HP: 2/50 MP: 5/5
  3313 | D:4      | Reached XP level 7. HP: 2/56 MP: 6/6
  3637 | D:4      | Reached skill level 4 in Armour
  3686 | D:4      | Noticed Blork the orc
  3687 | D:4      | Noticed Grinder
  3704 | D:4      | Killed Blork the orc
  3712 | D:4      | HP: 1/56 [Grinder (3)]
  3741 | D:4      | Paralysed by Grinder for 6 turns
  3997 | D:4      | Paralysed by Grinder for 5 turns
  4009 | D:4      | Killed Grinder
  4221 | D:4      | Found an opulent altar of Gozag.
  4222 | D:4      | Found a sparkling altar of Nemelex Xobeh.
  4234 | D:4      | Became a worshipper of Gozag Ym Sagoz the Greedy
  4303 | D:4      | Found a bloodstained altar of Trog.
  4311 | D:4      | Reached XP level 8. HP: 62/62 MP: 0/7
  4351 | D:4      | Reached skill level 10 in Staves
  4351 | D:4      | Reached skill level 5 in Armour
  4531 | D:5      | Entered Level 5 of the Dungeon
  4559 | D:5      | Found a hide-covered altar of Uskayaw.
  5088 | D:5      | Noticed Sigmund
  5144 | D:5      | Killed Sigmund
  5144 | D:5      | Reached skill level 6 in Armour
  5796 | D:5      | Reached skill level 5 in Dodging
  6077 | D:5      | Reached XP level 9. HP: 68/68 MP: 8/8
  6133 | D:5      | Found a sacrificial altar of Ru.
  6172 | D:5      | Found an ornate altar of the Wu Jian Council.
  6332 | D:5      | Reached skill level 1 in Slings
  7044 | D:5      | Reached skill level 7 in Armour
  7089 | D:5      | Found a basalt altar of Yredelemnul.
  7470 | D:6      | Found a staircase to the Ecumenical Temple.
  7478 | Temple   | Entered the Ecumenical Temple
  7752 | D:6      | Found Amowuso's Jewellery Shop.
  7765 | D:6      | Bought an uncursed ring of stealth for 210 gold pieces
  8547 | D:7      | Found Zivi's Food Emporium.
  8634 | D:7      | Bought a fruit for 19 gold pieces
  8634 | D:7      | Bought 2 fruits for 39 gold pieces
  9143 | D:7      | Reached XP level 10. HP: 74/74 MP: 9/9
  9332 | D:7      | Reached skill level 8 in Armour
  9448 | D:7      | Got a fine whip
  9513 | D:7      | Upgraded the game from 0.20-a0-1009-gc986637 to 0.20-a0-1016-g241539b
 10095 | D:8      | Found a hide-covered altar of Uskayaw.
 10182 | D:8      | Found Zaibeiraf's Food Shop.
 10222 | D:8      | Found a shimmering altar of Xom.
 10222 | D:8      | Noticed an angel
 10223 | D:8      | Found a glowing silver altar of Zin.
 10277 | D:8      | Found a hazy altar of Hepliaklqana.
 10402 | D:8      | Noticed Prince Ribbit
 10423 | D:8      | Killed Prince Ribbit
 10424 | D:8      | Noticed a two-headed ogre
 10434 | D:8      | Killed a two-headed ogre
 10434 | D:8      | Reached skill level 9 in Armour
 10831 | D:8      | Noticed a two-headed ogre
 10837 | D:8      | Killed a two-headed ogre
 10837 | D:8      | Reached skill level 10 in Armour
 11418 | D:9      | Reached skill level 11 in Armour
 11689 | D:9      | Found a snail-covered altar of Cheibriados.
 11887 | D:9      | Reached XP level 11. HP: 80/80 MP: 10/10
 11896 | D:10     | Entered Level 10 of the Dungeon
 12023 | D:10     | Reached skill level 12 in Armour
 12947 | D:6      | Bought the amulet of the Forgotten Songs {Reflect SH+3 SInv} for 322 gold pieces
 13379 | D:10     | Noticed an unseen horror
 13388 | D:10     | Killed an unseen horror
 13529 | D:10     | Noticed Grum
 13543 | D:10     | Killed Grum
 13543 | D:10     | Reached skill level 13 in Armour
 13738 | D:11     | Reached skill level 1 in Shields
 13863 | D:11     | Noticed a two-headed ogre
 13869 | D:11     | Killed a two-headed ogre
 13973 | D:11     | Noticed a seven-headed hydra
 13985 | D:11     | Killed a seven-headed hydra
 14311 | D:11     | Reached skill level 14 in Armour
 15137 | D:11     | Noticed an oklob plant
 15284 | D:11     | Reached skill level 15 in Armour
 15605 | D:11     | Found a staircase to the Lair.
 15661 | D:11     | Noticed Nergalle
 15722 | D:11     | Killed Nergalle
 15722 | D:11     | Reached XP level 12. HP: 17/88 MP: 3/11
 16892 | D:12     | Found a staircase to the Orcish Mines.
 16912 | Orc:1    | Entered Level 1 of the Orcish Mines
 16946 | Orc:1    | Reached skill level 16 in Armour
 17307 | Orc:1    | Noticed an orc high priest
 17328 | Orc:1    | Killed an orc high priest
 18177 | D:12     | Noticed a centaur warrior
 18186 | D:12     | Killed a centaur warrior
 18242 | D:12     | Reached skill level 17 in Armour
 19172 | D:13     | Noticed a vault guard
 19173 | D:13     | Noticed a centaur warrior
 19173 | D:13     | Noticed a vault guard
 19173 | D:13     | Noticed a vault guard
 19198 | D:13     | Killed a vault guard
 19231 | D:13     | Killed a vault guard
 19250 | D:12     | Mangled by a vault guard

Vault maps used:
D:1:      elethiomel_arrival_infinity_welcomes_careful_drivers
D:2:      first_bread, minmay_misc_feat_encased, hangedman_decor_growths,
          uniq_jessica
D:3:      lemuel_flame_loot_1
D:4:      grunt_temple_overflow_opulence, gammafunk_temple_overflow_wave,
          trog_eyes_of_draining, uniq_pikel, uniq_blork_the_orc, uniq_grinder
D:5:      lemuel_crystal_altar, yredelemnul_forgotten_temple_becter,
          basic_altar, grunt_decor_arrowhead, nicolae_ru_path_of_blood,
          uniq_sigmund
D:6:      minmay_temple_entry_statues_pillars, serial_shops, shop
D:7:      serial_shops, shop_statue
D:8:      grunt_temple_overflow_order_and_chaos_1, lemuel_crystal_altar,
          basic_altar, serial_shops, shop_statue,
          hangedman_little_slice_of_home, kennysheep_small_square,
          uniq_prince_ribbit1
D:9:      slow_altar_2
D:10:     uniq_grum
D:11:     dpeg_oklobed_lair, uniq_nergalle
D:12:     zombieorc2_lemuel
D:13:     lightli_vaults_fourway_checkpoint, nrook_loot_triangle, st_stairs_4,
          kennysheep_island_fort, uniq_rupert, uniq_sonja
Temple:   minmay_temple_curvy_loop
Orc:1:    serial_shops, shop_coins

Skill      XL: |  1  2  3  4  5  6  7  8  9 10 11 12 |
---------------+-------------------------------------+-----
Staves         | 4 5 6 8 9 11 13 14 | 14.0
Dodging        | 4 5 6 7 8 |  8.6
Armour         | 1 3 4 6 7 11 15 17 | 17.9
Stealth        | 1 |  1.3
Slings         | 4 |  4.3
Shields        | 2 |  2.1
Fighting       | |  2.4
Polearms       | |  0.2
Throwing       | |  2.0

Action                   |  1- 3 |  4- 6 |  7- 9 | 10-12 || total
-------------------------+-------+-------+-------+-------++-------
Melee: Quarterstaff      |    31 |    78 |   275 |   802 ||  1186
       Headbutt          |     3 |     4 |    87 |   296 ||   390
       Spear             |       |       |    99 |   135 ||   234
 Fire: Hunting sling     |       |       |    39 |   125 ||   164
       Shortbow          |       |       |       |     3 ||     3
Throw: Stone             |    38 |    58 |    25 |     8 ||   129
       Throwing net      |     2 |       |     2 |       ||     4
       Tomahawk          |       |       |     4 |       ||     4
  Use: Scroll            |     6 |     6 |     9 |    11 ||    32
       Potion            |     1 |     2 |     2 |     3 ||     8
 Stab: Distracted        |       |       |       |    13 ||    13
  Eat: Chunk             |     1 |     5 |     2 |       ||     8
       Fruit             |       |     1 |     2 |     5 ||     8
       Royal jelly       |       |       |     1 |     2 ||     3
       Bread ration      |       |       |     2 |     2 ||     4
       Meat ration       |       |       |     1 |     4 ||     5
Armor: Leather armour    |     6 |     9 |       |       ||    15
       Plate armour      |       |    18 |   132 |   260 ||   410
Dodge: Dodged            |    25 |    52 |    98 |   244 ||   419
       Deflected         |       |       |     5 |    11 ||    16
Block: Other             |       |    11 |    45 |    85 ||   141
       Reflection        |       |       |     4 |     3 ||     7
